 Dungeon Crawl Stone Soup version 0.32-a0-314-g526f7d4993 (webtiles) character file.

Game seed: 17108001392083142978

22950 Newt the Fighter (level 13, -2/90 HPs)
             Began as a Gargoyle Fighter on Feb 15, 2024.
             Was the Champion of Okawaru.
             Slain by Agnes
             ... wielding a +2 lajatang of speed
              (22 damage)
             ... on level 14 of the Dungeon.
             The game lasted 00:18:58 (13572 turns).

Newt the Fighter (Gargoyle Fighter)                Turns: 13572, Time: 00:18:59

Health: -2/90      AC: 26    Str: 25    XL:     13   Next: 3%
Magic:  13/13      EV: 10    Int: 20    God:    Okawaru [******]
Gold:   30         SH:  0    Dex:  9    Spells: 12/12 levels left

rFire   . . .        F - +8 frozen axe "Frostbite" {freeze, freezing cloud, *Noise Fly rC+}
rCold   . . .        (shield currently unavailable)
rNeg    + + +        b - +0 scale mail
rPois   ∞            U - +0 helmet {Int+3}
rElec   +            X - scarf "Nusmeut" {repulsion, rC- rN++ Int+2 SInv}
rCorr   .            H - +1 pair of gloves
SInv    +            T - +0 pair of boots {Fly}
Will    .....        G - amulet of regeneration Stlth
                     C - +6 ring of intelligence
HPRegen 1.15/turn    N - +4 ring of protection
MPRegen 0.13/turn

%: repel missiles
@: flying
A: sickness immunity, AC +9, negative energy resistance 1, electricity
resistance, torment resistance 1, petrification resistance
a: Renounce Religion, Heroism, Finesse, Duel


You were on level 14 of the Dungeon.
You worshipped Okawaru.
Okawaru was exalted by your worship.
You visited 1 branch of the dungeon, and saw 14 of its levels.

You collected 903 gold pieces.
You spent 873 gold pieces at shops.

Inventory:

Hand Weapons
 a - a +0 flail
 r - the +7 hand axe of Hell's Wrath {flame, rN+}
   (You found it on level 3 of the Dungeon)

   rN+:       It protects you from negative energy.
 y - a +3 battleaxe
 F - the +8 frozen axe "Frostbite" (weapon) {freeze, freezing cloud, *Noise Fly rC+}
   (Okawaru gifted it to you on level 14 of the Dungeon)

   rC+:       It protects you from cold.
   Fly:       It grants you flight.
   *Noise:    It may make a loud noise when swung.
 J - a +1 war axe of freezing
 L - a +4 war axe
Missiles
 u - 57 poisoned darts
 x - 7 boomerangs (quivered)
 M - 8 javelins
Armour
 b - a +0 scale mail (worn)
 c - a +0 buckler
 f - a +2 cloak
 s - a +0 helmet
 H - a +1 pair of gloves (worn)
 I - a +0 kite shield
 T - a +0 pair of boots of flying (worn)
 U - a +0 helmet of intelligence (worn)
 X - the scarf "Nusmeut" (worn) {repulsion, rC- rN++ Int+2 SInv}
   (Okawaru gifted it to you on level 14 of the Dungeon)

   Int+2:     It affects your intelligence (+2).
   rC-:       It makes you vulnerable to cold.
   rN++:      It greatly protects you from negative energy.
   SInv:      It lets you see invisible.
Jewellery
 C - a +6 ring of intelligence (left hand)
 G - an amulet of regeneration (around neck)
 N - a +4 ring of protection (right hand)
Wands
 D - a wand of iceblast (19)
 E - a wand of polymorph (13)
 K - a wand of flame (18)
 W - a wand of digging (5)
Scrolls
 g - 6 scrolls of teleportation
 h - 3 scrolls of poison
 i - 3 scrolls of noise
 j - 5 scrolls of vulnerability
 n - a scroll of blinking
 v - a scroll of immolation
 w - 2 scrolls of fear
 z - 5 scrolls of fog
 A - 2 scrolls of butterflies
 B - a scroll of enchant armour
 O - 2 scrolls of enchant weapon
 P - a scroll of revelation
 S - a scroll of silence
Potions
 e - a potion of resistance {unknown}
 k - 3 potions of magic
 l - a potion of ambrosia
 m - 4 potions of degeneration
 o - 2 potions of attraction
 p - 2 potions of heal wounds
 q - a potion of lignification {unknown}
 t - 6 potions of curing
 Q - a potion of cancellation {unknown}
 R - a potion of invisibility {unknown}
 Z - a potion of haste {unknown}


   Skills:
 + Level 14.0 Fighting
 - Level 10.8(11.0) Axes
 - Level 3.7(8.4) Maces & Flails
 * Level 6.2 Throwing
 - Level 8.0 Armour
 - Level 6.3 Shields
 - Level 6.0 Evocations


You had 12 spell levels left.
You didn't know any spells.
Your spell library contained the following spells:

 Spells                   Type           Power      Damage    Failure   Level
 Sting                    Conj/Alch      0%         1d3       38%         1
 Mercury Vapours          Alch/Air       0%         N/A       52%         2
 Scorch                   Fire           0%         2d5       52%         2
 Fugue of the Fallen      Necr           0%         N/A       77%         3
 Gell's Gravitas          Tloc           0%         N/A       77%         3
 Ozocubu's Armour         Ice            0%         N/A       77%         3
 Teleport Other           Tloc           0%         N/A       77%         3
 Flame Wave               Conj/Fire      0%         2d4       99%         4
 Manifold Assault         Tloc           0%         N/A       99%         4
 Olgreb's Toxic Radiance  Alch           0%         N/A       99%         4
 Dispersal                Tloc           0%         N/A       100%        6
 Summon Cactus Giant      Summ           Unusable   N/A       N/A         6

Dungeon Overview and Level Annotations

Branches:
Dungeon (14/15)            Temple (0/1) D:6            Lair (0/5) D:11
    Orc (0/2) D:10
 Vaults: D:13-14

Altars:
Cheibriados
Hepliaklqana
Nemelex Xobeh
Okawaru
Qazlal
Zin
The Shining One

Shops:
D:3 (   D:6 [*(   D:8 ::

Annotations:
D:14 Agnes


Innate Abilities, Weirdness & Mutations

You are immune to sickness and miasma.
Your stone body is resilient. (AC +9)
You are immune to poison.
You resist negative energy. (rN+)
You are resistant to electric shocks. (rElec)
You are resistant to unholy torment.
You are immune to petrification.


Message History

No target in view!
Unknown command.
Found a stone staircase leading down.
There is an open door here.
There is a stone staircase leading down here.
There is an open door here.
A cane toad comes into view.
The cane toad gives a loud, deep croak!
Unknown command.
Aiming: Polymorph
Press: ? - help, Shift-Dir - straight line, f/p - Agnes
Aim: Agnes, wielding a +2 lajatang of speed and wearing a +0 robe (will become a fire dragon, an elephant, or a swamp worm, chance to affect: 6%)
Okay, then.
Agnes shouts, "I will kick you around like a rattan ball!"
You slash Agnes! You freeze Agnes.
Agnes is lightly wounded.
Agnes barely misses you. Agnes hits you but does no damage.
Agnes hits you with a +2 lajatang of speed! x2
Unknown command.
You closely miss Agnes.
Agnes is lightly wounded.
Agnes barely misses you. Agnes hits you but does no damage.
An entropy weaver comes into view.
Agnes hits you with a +2 lajatang of speed!
Unknown command.
You closely miss Agnes.
Agnes is lightly wounded.
Agnes hits you with a +2 lajatang of speed! x2
Agnes hits you with a +2 lajatang of speed!!
* * * LOW HITPOINT WARNING * * *
Agnes hits you with a +2 lajatang of speed!
* * * LOW HITPOINT WARNING * * *
Blink to where?
Press: ? - help, Dir - move target, p - Agnes
As you read the scroll of blinking, it crumbles to dust.
As you read the scroll of fear, it crumbles to dust.
You assume a fearsome visage.
Agnes resists with some effort.
Agnes hits you with a +2 lajatang of speed!!
You die...
Agnes says, "May you follow the Path of Peace in your next life."

...#.i####.## . #..#
##§## #..# #.i.# #.)#
##.##
###.#####.#######
##.#....#...#...>#
##..#.#####.#####.#
#...'.# #.i####'####
....#.# ##..##@....#
....#.#######..i.....#
...##.....#..........#
..###..#.##.##.......#
#####..#.##.##...[...#
.......#....####.[...#
..[.##......# ##'####
###.....(...#####.##
##.#.###.......~≈##


You could see Agnes.

Vanquished Creatures
  Gastronok (D:8)
  A hydra (D:13)
  A boulder beetle (D:13)
  Erolcha (D:12)
  A catoblepas (D:14)
  2 centaur warriors
  Urug (D:11)
  3 cyclopes
  8 ugly things
  An elephant (D:10)
  2 gargoyles
  Maggie (D:6)
  A kobold demonologist (D:11)
  An unseen horror (D:12)
  An efreet (D:14)
  A freezing wraith (D:14)
  3 trolls
  A hornet (D:8)
  10 slime creatures
  2 wyverns
  2 basilisks
  10 yaks (D:10)
  3 vampire mosquitoes (D:12)
  Edmund (D:5)
  Grum (D:10)
  4 steam dragons
  3 acid dragons
  A water moccasin (D:7)
  5 orc warriors
  5 ice beasts
  2 black bears
  3 wolves (D:11)
  5 ogres
  8 centaurs
  A phantom (D:4)
  5 kobold brigands
  2 bullfrogs
  2 gnoll sergeants
  4 scorpions
  8 wights
  8 killer bees (D:11)
  5 howler monkeys
  An electric eel (D:14)
  3 hounds (D:5)
  Crazy Yiuf (D:5)
  7 orc priests
  2 iguanas (D:5)
  A sleepcap (D:6)
  11 orc wizards
  Robin (D:3)
  15 gnolls
  8 adders
  A shadow imp (D:7)
  4 white imps
  2 ufetubi (D:5)
  A dart slug (D:1)
  2 ribbon worms
  40 orcs
  11 ball pythons
  6 endoplasms
  4 giant cockroaches
  15 goblins
  8 hobgoblins
  3 jackals (D:1)
  7 quokkas
  6 bats
  2 frilled lizards (D:3)
  19 kobolds
  4 rats
316 creatures vanquished.

Notes
Turn   | Place    | Note
-------+----------+-------------------------------------------
     0 | D:1      | Newt the Gargoyle Fighter began the quest for the Orb.
     0 | D:1      | Reached XP level 1. HP: 14/14 MP: 1/1
   165 | D:1      | Reached XP level 2. HP: 16/19 MP: 2/2
   328 | D:1      | Reached XP level 3. HP: 24/24 MP: 3/3
  1052 | D:2      | Reached skill level 4 in Fighting
  1135 | D:2      | Reached XP level 4. HP: 23/29 MP: 4/4
  1464 | D:3      | Identified the +7 hand axe of Hell's Wrath {flame, rN+}
  1644 | D:3      | Found Ronlac's Weapon Shop.
  1654 | D:3      | Reached skill level 1 in Axes
  1820 | D:3      | Noticed Robin
  1833 | D:3      | Reached XP level 5. HP: 29/34 MP: 5/5
  1839 | D:3      | Killed Robin
  2082 | D:4      | Noticed an ogre
  2087 | D:4      | Killed an ogre
  2088 | D:4      | Reached skill level 5 in Fighting
  2088 | D:4      | Reached XP level 6. HP: 40/40 MP: 6/6
  2354 | D:4      | Noticed a black bear
  2359 | D:4      | Killed a black bear
  2360 | D:4      | Reached XP level 7. HP: 44/44 MP: 7/7
  2388 | D:4      | Found a hazy altar of Hepliaklqana.
  2395 | D:4      | Found a stormy altar of Qazlal.
  2398 | D:4      | Found a glowing silver altar of Zin.
  2398 | D:4      | Found an iron altar of Okawaru.
  2415 | D:4      | Found a snail-covered altar of Cheibriados.
  2418 | D:4      | Became a worshipper of Warmaster Okawaru
  2708 | D:4      | Reached skill level 6 in Fighting
  2718 | D:4      | Reached skill level 5 in Axes
  2859 | D:5      | Entered Level 5 of the Dungeon
  2866 | D:5      | Noticed Edmund
  2880 | D:5      | Killed Edmund
  2880 | D:5      | Reached * piety under Okawaru
  2980 | D:5      | Reached XP level 8. HP: 49/52 MP: 8/8
  3008 | D:5      | Found a runed translucent door.
  3009 | D:5      | Noticed Crazy Yiuf
  3050 | D:5      | Identified the +1 robe "Aplomoug" {Dex+2}
  3100 | D:5      | HP: 2/52 [wight/+3 battleaxe (14)]
  3375 | D:5      | Reached skill level 7 in Fighting
  4141 | D:5      | Reached skill level 5 in Armour
  4178 | D:5      | Killed Crazy Yiuf
  4179 | D:5      | Reached XP level 9. HP: 46/59 MP: 9/9
  4256 | D:6      | Found Dyjot's Neck Hole.
  4375 | D:6      | Reached ** piety under Okawaru
  4376 | D:6      | Reached skill level 8 in Fighting
  5014 | D:6      | Found a staircase to the Ecumenical Temple.
  5033 | D:6      | Noticed Maggie
  5048 | D:6      | Killed Maggie
  5401 | D:6      | Found Calooc's Antique Armour Emporium.
  5580 | D:6      | Found Bedid's Antique Weapon Shop.
  5851 | D:7      | Reached skill level 9 in Fighting
  5911 | D:7      | Reached skill level 1 in Evocations
  6434 | D:7      | Reached *** piety under Okawaru
  6435 | D:7      | Reached XP level 10. HP: 57/66 MP: 10/10
  6629 | D:8      | Found Muilo's Book Boutique.
  6752 | D:6      | Bought an amulet of regeneration for 420 gold pieces
  6955 | D:8      | Noticed Gastronok
  6994 | D:8      | Killed Gastronok
  6994 | D:8      | Reached **** piety under Okawaru
  6995 | D:8      | Reached skill level 10 in Fighting
  6995 | D:8      | Reached skill level 5 in Evocations
  7213 | D:8      | Found Zamalaf's Tremendous Tomes.
  7560 | D:9      | Found a glowing golden altar of the Shining One.
  7818 | D:9      | Found a sparkling altar of Nemelex Xobeh.
  7977 | D:10     | Entered Level 10 of the Dungeon
  8002 | D:10     | Reached XP level 11. HP: 28/73 MP: 9/11
  8139 | D:10     | Reached ***** piety under Okawaru
  8140 | D:10     | Reached skill level 11 in Fighting
  8156 | D:10     | Noticed a cyclops
  8360 | D:10     | Killed a cyclops
  8361 | D:10     | Reached skill level 5 in Shields
  8398 | D:10     | Found a staircase to the Orcish Mines.
  8785 | D:6      | Bought a runed war axe for 169 gold pieces
  8888 | D:11     | Noticed Grum
  9150 | D:10     | Killed Grum
  9182 | D:11     | Reached skill level 12 in Fighting
  9186 | D:11     | Found a staircase to the Lair.
  9442 | D:11     | Received a gift from Okawaru
  9547 | D:11     | Noticed Urug
  9561 | D:11     | Killed Urug
  9664 | D:11     | You fall into a shaft and drop 1 floor!
  9904 | D:11     | Identified the +6 lajatang "Orb Guardian's Curse" {freeze,
                  | Str+2 Int+4}
 10140 | D:12     | Noticed Erolcha
 10151 | D:12     | Killed Erolcha
 10152 | D:12     | Reached XP level 12. HP: 59/82 MP: 12/12
 10352 | D:12     | Reached skill level 10 in Axes
 10548 | D:12     | Reached ****** piety under Okawaru
 11085 | D:13     | Noticed a centaur warrior
 11096 | D:13     | Killed a centaur warrior
 11096 | D:13     | Received a gift from Okawaru
 11097 | D:13     | Reached skill level 13 in Fighting
 11172 | D:13     | Reached skill level 1 in Throwing
 11780 | D:6      | Bought a pair of glowing boots for 142 gold pieces
 11780 | D:6      | Bought a shiny helmet for 142 gold pieces
 12252 | D:13     | Noticed a boulder beetle
 12275 | D:13     | Killed a boulder beetle
 12575 | D:13     | Noticed a five-headed hydra
 12590 | D:13     | Killed a five-headed hydra
 12846 | D:14     | Noticed Agnes
 12895 | D:14     | Noticed a centaur warrior
 13005 | D:14     | Killed a centaur warrior
 13068 | D:14     | Reached skill level 5 in Throwing
 13078 | D:14     | Received a gift from Okawaru
 13084 | D:14     | Acquired the +8 frozen axe "Frostbite" {freeze, freezing
                  | cloud, *Noise Fly rC+}
 13084 | D:14     | Received a gift from Okawaru
 13084 | D:14     | Found the +8 frozen axe "Frostbite" {freeze, freezing
                  | cloud, *Noise Fly rC+}
 13373 | D:14     | Acquired the scarf "Nusmeut" {repulsion, rC- rN++ Int+2
                  | SInv}
 13373 | D:14     | Received a gift from Okawaru
 13424 | D:14     | Noticed a catoblepas
 13432 | D:14     | Killed a catoblepas
 13433 | D:14     | Reached skill level 14 in Fighting
 13433 | D:14     | Reached XP level 13. HP: 90/90 MP: 13/13
 13565 | D:14     | Noticed an entropy weaver
 13572 | D:14     | Slain by Agnes

Illustrated notes

Levels and vault maps discovered:
D:1:      reono_arrival_forest_river, layout_basic, supply_closet_lemuel
D:2:      layout_basic
D:3:      layout_rooms, serial_shops, nicolae_shop_advertising_works
          [nicolae_subvault_shop_adworks], nrook_mini_vaults, uniq_robin
D:4:      layout_layer_cave, nicolae_overflow_hallway_of_the_gods,
          minmay_starry_boxes
D:5:      layout_loops_ring, uniq_crazy_yiuf_cottage, uniq_edmund
D:6:      nicolae_cairo_tiling_large_dashed, layout_basic,
          minmay_temple_entry_statues_pillars, serial_shops, shop, shop,
          nicolae_shop_sticking_my_neck_out, uniq_maggie
D:7:      layout_loops_ring, minmay_fractal_squares_gapless_5
D:8:      layout_basic, serial_shops, shop, grunt_ministairs_11,
          nicolae_shop_i_like_big_books, uniq_gastronok
D:9:      layout_cave_pools, mainiacjoe_overflow_swirl
D:10:     layout_rooms, erik_orc_3
D:11:     layout_long_grid, david_lair_generic, uniq_grum, uniq_urug
D:12:     layout_small_grid, uniq_erolcha
D:13:     layout_layer_cave
D:14:     layout_basic, david_vaults_5, minivault_11,
          amcnicky_mini_corridor_feature, nrook_uturn, minmay_quadrilaterals,
          uniq_agnes

Skill      XL: |  1  2  3  4  5  6  7  8  9 10 11 12 |
---------------+-------------------------------------+-----
Maces & Flails | 3 |  3.7
Fighting       | 4 5 6 7 9 10 12 14 | 14.0
Axes           | 1 3 4 5 6 8 9 10 | 10.8
Armour         | 5 8 |  8.0
Evocations     | 3 6 |  6.0
Shields        | 6 |  6.3
Throwing       | 6 |  6.2

Action                     |  1- 3 |  4- 6 |  7- 9 | 10-12 | 13-15 || total
---------------------------+-------+-------+-------+-------+-------++-------
  Melee: Flail             |    86 |    16 |       |       |       ||   102
         Hand axe          |       |    97 |   261 |   560 |       ||   918
         Executioner's axe |       |       |       |    11 |     7 ||    18
  Throw: Dart              |       |       |     6 |    16 |     1 ||    23
         Boomerang         |       |       |       |    23 |       ||    23
         Throwing net      |       |       |       |     1 |     1 ||     2
 Invoke: Heroism           |       |       |       |     2 |     1 ||     3
         Receive Weapon    |       |       |       |     1 |       ||     1
         Receive Armour    |       |       |       |     1 |       ||     1
  Evoke: Wand              |       |       |       |    16 |       ||    16
    Use: Potion            |     2 |       |     6 |     3 |       ||    11
         Scroll            |     1 |     2 |     5 |     6 |     4 ||    18
   Stab: Invisible         |       |       |       |     2 |       ||     2
 Armour: Scale mail        |    51 |    65 |   170 |   584 |    18 ||   888
  Dodge: Dodged            |    39 |    43 |    74 |   219 |    11 ||   386
  Block: Buckler           |    24 |    20 |    33 |    21 |       ||    98
         Kite shield       |       |       |       |   226 |       ||   226

Table legend: (Time is in decaauts)
 A = Elapsed time spent in this place.
 B = Non-inter-level travel time spent in this place.
 C = Inter-level travel time spent in this place.
 D = Time resting spent in this place.
 E = Time spent auto-exploring this place.
 F = Levels seen in this place.
 G = Mean time per level.
                   A        B        C        D        E       F      G
               +--------+--------+--------+--------+--------+-----+--------+
         Total |  13588 |  12419 |   1169 |   2522 |   7637 |  14 |  970.6 |
       Dungeon |  13588 |  12419 |   1169 |   2522 |   7637 |  14 |  970.6 |
               +--------+--------+--------+--------+--------+-----+--------+

Top non-repeatable levels by time:
     D:6: 1679 daAuts
    D:13: 1419 daAuts
     D:5: 1351 daAuts
    D:11: 1048 daAuts
    D:12: 1009 daAuts
     D:7: 957 daAuts
     D:8: 932 daAuts
     D:1: 916 daAuts
    D:10: 865 daAuts
     D:4: 801 daAuts
    D:14: 753 daAuts
     D:9: 662 daAuts
     D:3: 621 daAuts
     D:2: 568 daAuts
